 Dungeon Crawl Stone Soup version 0.17-a0-1923-gc35365e (webtiles) character file.

6016 hexophile the Carver (level 10, -2/79 HPs)
             Began as a Demonspawn Berserker on Sept 28, 2015.
             Was a High Priest of Trog.
             Slain by an orc warrior
             ... wielding a +0 trident
              (15 damage)
             ... on level 10 of the Dungeon.
             The game lasted 00:12:16 (9663 turns).

hexophile the Carver (Demonspawn Berserker)         Turns: 9663, Time: 00:12:16

Health: -2/79      AC:  7    Str: 20    XL:     10   Next: 56%
Magic:  10/10      EV:  7    Int:  8    God:    Trog [*****.]
Gold:   495        SH:  0    Dex: 14    Spells: 0 memorised, 9 levels left

rFire  . . .     SeeInvis .     E - +0 long sword
rCold  . . .     Clarity  +     e - +0 troll leather armour {Purgy}
rNeg   + . .     SustAt   .     (no shield)
rPois  .         Gourm    .     u - +1 helmet
rElec  .         Spirit   .     (no cloak)
rCorr  .         Warding  .     r - +0 pair of gloves
rMut   .         Stasis   .     (no boots)
MR     +++..                    G - amulet of faith
Stlth  +.........               B - ring of protection from magic
                                s - ring of positive energy

@: regenerating, extremely resistant to hostile enchantments, very unstealthy
A: talons 2, clarity, spiny 2
a: Burn Spellbooks, Berserk, Trog's Hand, Brothers in Arms, Renounce Religion


You were on level 10 of the Dungeon.
You worshipped Trog.
Trog was extremely pleased with you.
You were not hungry.

You visited 1 branch of the dungeon, and saw 11 of its levels.
You also visited: Sewer.

You collected 495 gold pieces.


Innate Abilities, Weirdness & Mutations

You have razor-sharp toenails.
You are mostly covered in sharp spines.
You possess an exceptional clarity of mind.

Inventory:

Hand weapons
 t - a +2 morningstar of protection
 E - a +0 long sword (weapon)
Armour
 e - a +0 troll leather armour (worn) {Purgy}
 m - a cursed -2 pair of boots
 q - the +2 robe of the Boiling Point {rF++}
   (You found it on level 6 of the Dungeon)

   It greatly protects you from fire.
 r - a +0 pair of gloves (worn)
 u - a +1 helmet (worn)
Jewellery
 s - a ring of positive energy (left hand)
 B - a ring of protection from magic (right hand)
 G - an amulet of faith (around neck)
 K - an uncursed ring of wizardry {unknown}
Magical devices
 l - a wand of draining (10)
 o - a wand of fire (5)
Scrolls
 g - 4 scrolls of magic mapping
 h - 14 scrolls of identify
 i - 2 scrolls of fear
 j - 5 scrolls of blinking
 k - a scroll of enchant armour
 v - 2 scrolls of teleportation
 y - 3 scrolls of remove curse
 A - 3 scrolls of amnesia
 F - 2 scrolls of fog
 H - a scroll of acquirement {unknown}
 I - 3 scrolls of noise {unknown}
Potions
 a - a potion of agility
 d - 3 potions of curing
 n - 5 potions of heal wounds
 w - a potion of cancellation
 x - 2 potions of might
 z - 3 potions of flight
 C - 2 potions of magic
 D - a potion of brilliance
Books
 p - a book of Unlife

   Spells                             Type                      Level
   a - Recall                         Summoning/Translocation      3
   b - Animate Dead                   Necromancy                   4
   c - Control Undead                 Necromancy                   4
   d - Cigotuvi's Embrace             Necromancy                   5
   e - Death Channel                  Necromancy                   6
   f - Simulacrum                     Ice/Necromancy               6
   Trog disapproves of the use of such an item.
 J - a book of the Earth

   Spells                             Type                      Level
   a - Leda's Liquefaction            Hexes/Earth                  4
   b - Bolt of Magma                  Conjuration/Fire/Earth       5
   c - Statue Form                    Transmutation/Earth          6
   d - Iron Shot                      Conjuration/Earth            6
   e - Shatter                        Earth                        9
   Trog disapproves of the use of such an item.
Comestibles
 b - 3 meat rations
 c - 9 bread rations
 f - a beef jerky


You had 9 spell levels left.
You didn't know any spells.


   Skills:
 * Level 7.6 Fighting
 - Level 13.0 Long Blades
 - Level 1.7 Armour
 - Level 1.7 Dodging

Dungeon Overview and Level Annotations

Branches:
Dungeon (11/15)            Temple (0/1) D:6
   Lair: D:8-11         Orc: D:9-12

Altars:
Gozag
Qazlal
Ru
Sif Muna
Trog
Zin
The Shining One

Vault maps used:
D:1:      dpeg_arrival_water_fire
D:3:      first_bread
D:4:      gup_sewer_entry_pipe, minivault_25
D:5:      grunt_qazlal_clouds, minmay_misc_feat_room
D:6:      minmay_overflow_temple_star_quad, minmay_temple_entry_overgrown,
          basic_altar, hangedman_abyss_or_decor_stagger, kennysheep_boxes,
          uniq_blork_the_orc, uniq_eustachio
D:7:      kennysheep_mini
D:9:      kennysheep_little_box
D:10:     david_orc_3, uniq_maurice
D:11:     dpeg_lair_monsters
Sewer:    sewer_co_purgy_island

Vault maps used:
D:1:      dpeg_arrival_water_fire
D:3:      first_bread
D:4:      gup_sewer_entry_pipe, minivault_25
D:5:      grunt_qazlal_clouds, minmay_misc_feat_room
D:6:      minmay_overflow_temple_star_quad, minmay_temple_entry_overgrown,
          basic_altar, hangedman_abyss_or_decor_stagger, kennysheep_boxes,
          uniq_blork_the_orc, uniq_eustachio
D:7:      kennysheep_mini
D:9:      kennysheep_little_box
D:10:     david_orc_3, uniq_maurice
D:11:     dpeg_lair_monsters
Sewer:    sewer_co_purgy_island
You       could see 2 orc warriors, a big kobold and an orc priest.


Message History

You feel sick.
You feel sick.
You feel sick.
You feel sick.
You feel sick.
You feel sick.
You feel sick.
You feel sick.
You feel sick.
You feel sick.
You feel sick.
There is a stone staircase leading down here.
The orc warrior hits you but does no damage.
You climb downwards.
A giant gecko, an iguana and a zombie come into view.
There is a stone staircase leading up here.
The helpless giant gecko fails to defend itself.
You slash the giant gecko!
You kill the giant gecko!
Trog accepts your kill.
You feel sick.
You are too injured to fight recklessly!
You are too injured to fight recklessly!
You are too injured to fight recklessly!
The helpless iguana fails to defend itself.
You hit the iguana. You claw the iguana. The iguana is struck by your spines.
The iguana bites you but does no damage.
You barely miss the iguana. You claw the iguana, but do no damage.
You feel sick. The giant frog zombie misses you. The iguana barely misses you.
You slash the iguana!
You kill the iguana!
Trog accepts your kill. The giant frog zombie hits you.
* * * LOW HITPOINT WARNING * * *
The giant frog zombie hits you but does no damage.
You barely miss the giant frog zombie. You claw the giant frog zombie.
The giant frog zombie is struck by your spines.
The giant frog zombie barely misses you.
You hit the giant frog zombie.
You feel sick.
The giant frog zombie closely misses you.
You are feeling very hungry.
You slash the giant frog zombie! Your kick misses the giant frog zombie.
The giant frog zombie closely misses you.
You hit the giant frog zombie.
You destroy the giant frog zombie!
You feel sick.
You start resting.
You feel sick. x2
You are no longer poisoned.
You start resting.
Eat which item? (? for menu, Esc to quit)
That beef jerky was delicious!
Eat which item? (? for menu, Esc to quit)
That beef jerky was delicious!
There is a stone staircase leading up here.
You climb upwards.
The orc warrior is struck by your spines.
The orc warrior hits you with a trident.
There is a stone staircase leading down, spattered with blood here.
You closely miss the orc warrior.
You claw the orc warrior, but do no damage.
The orc warrior hits you with a trident!
You barely miss the orc warrior.
You claw the orc warrior, but do no damage.
You hit the orc warrior. You claw the orc warrior. The orc warrior misses you.
You slash the orc warrior! The orc warrior hits you with a mace!
You hit the orc warrior.
You kill the orc warrior!
Trog accepts your kill.
Your skin crawls.
You feel resistant to hostile enchantments.
You feel slightly more hungry.
The orc wizard gestures wildly while chanting.
The orc wizard flickers and vanishes!
Deactivating autopickup; reactivate with Ctrl-A.
The orc warrior is struck by your spines.
The orc warrior hits you with a mace!!
You hit the orc warrior. Something hits you but does no damage.
The orc warrior hits you with a mace!
* * * LOW HITPOINT WARNING * * *
The orc warrior is struck by your spines.
The orc warrior hits you with a trident!
* * * LOW HITPOINT WARNING * * *
You are too injured to fight recklessly!
You are too injured to fight recklessly!
Drink which item? (? for menu, Esc to quit)
Okay, then.
Read which item? (? for menu, Esc to quit)
As you read the scroll of fear, it crumbles to dust.
You assume a fearsome visage.
The orc warrior looks frightened!
The orc priest looks frightened!
The orc warrior looks frightened!
You hear some strange, mumbled words.
You feel the effects of Trog's Hand fading.
Cornered, the orc priest turns to fight!
You hear a shout!
The orc warrior shouts!
The orc priest looks braver for a moment.
The orc warrior barely misses you.
There is a stone staircase leading down, spattered with blood here.
The orc warrior hits you from afar with a trident!
You die...

Action                   |  1- 3 |  4- 6 |  7- 9 | 10-12 || total
-------------------------+-------+-------+-------+-------++-------
Melee: Falchion          |    63 |    84 |   281 |       ||   428
       Long sword        |       |       |    14 |   102 ||   116
Invok: Berserk           |     2 |     1 |     4 |     1 ||     8
       Trog's Hand       |       |       |     2 |     1 ||     3
  Use: Scroll            |       |     8 |     3 |     1 ||    12
       Potion            |       |     7 |     4 |     2 ||    13
 Stab: Sleeping          |     1 |       |     1 |     2 ||     4
  Eat: Chunk             |     5 |     6 |    25 |     4 ||    40
       Fruit             |       |       |     2 |       ||     2
       Pizza             |       |       |       |     2 ||     2
       Beef jerky        |       |       |       |     2 ||     2

Notes
Turn   | Place    | Note
--------------------------------------------------------------
     0 | D:1      | hexophile the Demonspawn Berserker began the quest for the Orb.
     0 | D:1      | Reached XP level 1. HP: 18/18 MP: 1/1
   646 | D:1      | HP: 1/18 [hobgoblin/club (6)]
   648 | D:1      | Gained mutation: You are partially covered in sharp spines. [demonic ancestry]
   648 | D:1      | Reached XP level 2. HP: 2/24 MP: 2/2
  1548 | D:2      | Gained mutation: You are mostly covered in sharp spines. [demonic ancestry]
  1548 | D:2      | Reached XP level 3. HP: 27/29 MP: 3/3
  1551 | D:2      | Reached skill level 4 in Long Blades
  1731 | D:2      | Acquired Trog's second power
  1929 | D:2      | Gained mutation: You have sharp toenails. [demonic ancestry]
  1929 | D:2      | Reached XP level 4. HP: 35/35 MP: 4/4
  2215 | D:3      | Reached skill level 5 in Long Blades
  2216 | D:3      | Reached XP level 5. HP: 31/41 MP: 5/5
  2739 | D:3      | Reached skill level 6 in Long Blades
  2742 | D:3      | Gained mutation: You have razor-sharp toenails. [demonic ancestry]
  2742 | D:3      | Reached XP level 6. HP: 41/47 MP: 6/6
  3102 | D:4      | Found a glowing drain.
  3120 | Sewer    | Entered a sewer
  3158 | Sewer    | Noticed Purgy
  3163 | Sewer    | Killed Purgy
  3216 | Sewer    | Gained mutation: You possess an exceptional clarity of mind. [potion of beneficial mutation]
  3233 | Sewer    | Gained mutation: Your body sometimes deteriorates upon taking damage. [potion of mutation]
  3233 | Sewer    | Gained mutation: Your body often deteriorates upon taking damage. [potion of mutation]
  3373 | D:4      | Reached skill level 7 in Long Blades
  3420 | D:4      | Reached XP level 7. HP: 52/52 MP: 7/7
  3622 | D:4      | Reached skill level 8 in Long Blades
  4050 | D:5      | Entered Level 5 of the Dungeon
  4118 | D:5      | Acquired Trog's third power
  4230 | D:5      | Reached skill level 9 in Long Blades
  4230 | D:5      | Reached XP level 8. HP: 25/58 MP: 8/8
  4480 | D:5      | Found a stormy altar of Qazlal.
  4896 | D:6      | Reached skill level 10 in Long Blades
  5011 | D:6      | Gained mutation: Your spells are a little easier to cast, but a little less powerful. [mutagenic meat]
  5012 | D:6      | Lost mutation: Your spells are a little easier to cast, but a little less powerful. [mutagenic meat]
  5013 | D:6      | Gained mutation: Your spells are a little harder to cast, but a little more powerful. [mutagenic meat]
  5015 | D:6      | Lost mutation: Your body often deteriorates upon taking damage. [mutagenic meat]
  5102 | D:6      | Got a tattered robe
  5106 | D:6      | Identified the +2 robe of the Boiling Point {rF++} (You found it on level 6 of the Dungeon)
  5127 | D:6      | HP: 11/58 [electric eel/bolt of electricity (6)]
  5214 | D:6      | Noticed Eustachio
  5231 | D:6      | Killed Eustachio
  5272 | D:6      | Found a bloodstained altar of Trog.
  5277 | D:6      | Reached skill level 11 in Long Blades
  5280 | D:6      | Noticed Blork the orc
  5284 | D:6      | Reached XP level 9. HP: 57/63 MP: 9/9
  5321 | D:6      | Killed Blork the orc
  5576 | D:6      | Found a glowing golden altar of the Shining One.
  5584 | D:6      | Found a deep blue altar of Sif Muna.
  5589 | D:6      | Found a sacrificial altar of Ru.
  5626 | D:6      | Found a staircase to the Ecumenical Temple.
  6573 | D:7      | Reached skill level 12 in Long Blades
  7100 | D:7      | Found a glowing silver altar of Zin.
  7431 | D:7      | Lost mutation: Your spells are a little harder to cast, but a little more powerful. [potion of cure mutation]
  7431 | D:7      | Lost mutation: Your body sometimes deteriorates upon taking damage. [potion of cure mutation]
  8608 | D:9      | Reached skill level 13 in Long Blades
  8671 | D:9      | Reached XP level 10. HP: 43/70 MP: 10/10
  9184 | D:9      | Found an opulent altar of Gozag.
  9241 | D:10     | Entered Level 10 of the Dungeon
  9259 | D:10     | Noticed a hill giant
  9269 | D:10     | Killed a hill giant
  9269 | D:10     | Reached skill level 5 in Fighting
  9442 | D:10     | Killed an unseen horror
  9658 | D:10     | HP: 5/79 [orc warrior/trident (15)]
  9663 | D:10     | Slain by an orc warrior

Table legend:
 A = Turns spent in this place as a percentage of turns spent in the entire game.
 B = Non-inter-level travel turns spent in this place as a percentage of non-inter-level travel turns spent in the entire game.
 C = Inter-level travel turns spent in this place as a percentage of turns spent in this place.
 D = Turns resting spent in this place as a percentage of non-inter-level travel turns spent in this place.
 E = Turns spent auto-exploring this place as a percentage of non-inter-level travel turns spent in this place.
 F = Non-inter-level travel turns spent in this place divided by the number of levels of this place that you've seen.
                   A       B       C       D       E      F
               +-------+-------+-------+-------+-------+----------------------
         Total | 100.0 | 100.0 |   0.4 |   3.8 |  13.4 | 208.8
       Dungeon |  94.7 |  94.7 |   0.4 |   4.0 |  14.2 | 215.6
         Sewer |   5.3 |   5.3 |   0.0 |   0.0 |   0.0 | 134.0
               +-------+-------+-------+-------+-------+----------------------

Table legend:
 A = Kills in this place as a percentage of kills in entire the game.
 B = Kills by you in this place as a percentage of kills by you in the entire game.
 C = Kills by friends in this place as a percentage of kills by friends in the entire game.
 D = Other kills in this place as a percentage of other kills in the entire game.
 E = Experience gained in this place as a percentage of experience gained in the entire game.
 F = Experience gained in this place divided by the number of levels of this place that you have seen.
                   A       B       C       D       E      F
               +-------+-------+-------+-------+-------+----------------------
         Total | 100.0 | 100.0 |  -nan |  -nan | 100.0 | 716.2
       Dungeon |  97.3 |  97.3 |  -nan |  -nan |  98.4 | 768.6
         Sewer |   2.7 |   2.7 |  -nan |  -nan |   1.6 | 140.0
               +-------+-------+-------+-------+-------+----------------------

Vanquished Creatures
  An unseen horror (D:10)
  A hill giant (D:10)
  A wraith (D:8)
  Eustachio (D:6)
  A hippogriff (D:7)
  2 hungry ghosts
  A warg (D:10)
  Purgy (Sewer)
  2 wasps
  2 black bears
  4 orc warriors
  A sky beast (D:6)
  5 ice beasts
  2 phantoms
  6 ogres
  2 giant frogs
  Blork the orc (D:6)
  A scorpion (D:8)
  5 wights (D:6)
  2 electric eels (D:6)
  5 crimson imps
  A quasit (D:10)
  2 giant frog zombies
  A gnoll shaman (D:9)
  A jelly (D:7)
  7 hounds
  9 orc priests
  A giant frog skeleton (D:6)
  4 iguanas
  10 worker ants
  A centaur skeleton (D:5)
  6 orc wizards
  6 adders
  2 shadow imps (D:8)
  7 gnolls
  An ooze (D:2)
  2 worms
  12 giant geckos
  32 orcs
  4 ball pythons
  8 hobgoblins
  13 jackals
  5 kobolds
  3 quokkas
  6 bats
  7 giant cockroaches
  11 giant newts
  11 goblins
  A jackal zombie (D:5)
  4 rats
225 creatures vanquished.
